 Dungeon Crawl Stone Soup version 0.19.0-23-gf02e663 (webtiles) character file.

215 RKaid the Chopper (level 5, -12/45 HPs)
             Began as a Minotaur Fighter on Nov 19, 2016.
             Mangled by an ogre
             ... wielding a cursed -3 giant club
              (16 damage)
             ... on level 4 of the Dungeon.
             The game lasted 00:04:17 (2662 turns).

RKaid the Chopper (Minotaur Fighter)                Turns: 2662, Time: 00:04:17

Health: -12/45     AC:  6    Str: 26    XL:     5   Next: 60%
Magic:  4/4        EV:  7    Int:  8    God:
Gold:   73         SH: 10    Dex: 10    Spells: 0 memorised, 4 levels left

rFire  . . .     SeeInvis .     a - +0 war axe
rCold  . . .     Gourm    .     b - +0 scale mail
rNeg   . . .     Faith    .     c - +0 shield
rPois  .         Spirit   .     (helmet restricted)
rElec  .         Reflect  .     (no cloak)
rCorr  .         Harm     .     (no gloves)
MR     +....                    (no boots)
Stlth  ..........               (no amulet)
                                y - ring of protection from magic {MR+, !d}
                                v - +3 ring of intelligence

@: mighty, flying
A: retaliatory headbutt, horns 2
a: no special abilities


You were on level 4 of the Dungeon.
You were not hungry.

You visited 1 branch of the dungeon, and saw 4 of its levels.

You collected 73 gold pieces.

Inventory:

Hand Weapons
 a - a +0 war axe (weapon)
Missiles
 u - 2 throwing nets {=f}
Armour
 b - a +0 scale mail (worn)
 c - a +0 shield (worn)
Jewellery
 j - an uncursed ring of ice {rC+, rF-}
   (You found it on level 1 of the Dungeon)
 v - a +3 ring of intelligence (left hand)
   (You found it on level 2 of the Dungeon)
 y - a ring of protection from magic (right hand) {MR+, !d}
   (You found it on level 3 of the Dungeon)
Scrolls
 g - 2 scrolls of fog {unknown}
 h - 2 scrolls of identify {unknown}
 i - a scroll of random uselessness {unknown}
 l - a scroll of enchant armour {unknown}
 o - 2 scrolls of teleportation {unknown}
 w - 3 scrolls of remove curse {unknown}
 A - a scroll of recharging {unknown}
 B - a scroll of noise {unknown}
Potions
 d - a potion of might
 e - a potion of heal wounds {unknown}
 k - a potion of berserk rage {unknown}
 m - 2 potions of flight
 n - 2 potions of haste {unknown}
 s - a potion of lignification {unknown}
 t - a potion of beneficial mutation {unknown}
 x - a potion of degeneration {unknown}
 z - 2 potions of ambrosia {unknown}
Comestibles
 f - 2 bread rations
 p - 3 meat rations
 q - 3 chunks of flesh
 r - 3 beef jerkies


   Skills:
 - Level 3.6 Fighting
 + Level 7.2 Axes
 - Level 3.6 Armour
 - Level 3.6 Shields


You had 4 spell levels left.
You didn't know any spells.

Dungeon Overview and Level Annotations

Branches:
Dungeon (4/15)
 Temple: D:4-7

Altars:


Innate Abilities, Weirdness & Mutations

You reflexively headbutt those who attack you in melee.
You have a pair of horns on your head.


Message History

You hit the jackal but do no damage. Your headbutt misses the jackal.
You block the jackal's attack. The jackal bites you.
You completely miss the jackal.
The jackal bites you but does no damage.
You block the jackal's attack.
You slash the jackal!
You kill the jackal!
You block the jackal's attack.
You completely miss the jackal. You block the jackal's attack.
You slash the jackal!
You kill the jackal!
The jackal barely misses you.
You slash the jackal!
You kill the jackal!
No target in view!
No target in view!
No target in view!
Search for what [? for help]? armour You butcher the jackal corpse.
q - 4 chunks of flesh (gained 2)
You butcher the jackal corpse.
q - 5 chunks of flesh (gained 1)
You see here a plate armour.
Found a stone staircase leading up.
f - 2 bread rations (gained 1)
An ooze comes into view.
The ooze quivers.
Search for what [Enter for "armour", or ? for help]? akltar Can't find anything matching that.
Search for what [Enter for "akltar", or ? for help]? altar Can't find anything matching that.
You block the ooze's attack.
You hit the ooze. You block the ooze's attack.
Your shield prevents you from hitting the ooze.
The ooze barely misses you.
Your shield and scale mail prevent you from hitting the ooze.
You headbutt the ooze. You block the ooze's attack.
The ooze hits you but does no damage.
You slash the ooze!
You kill the ooze!
A worker ant comes into view.
You block the worker ant's attack. You block the worker ant's attack.
You slash the worker ant! You headbutt the worker ant!
The worker ant barely misses you. You furiously retaliate!
You headbutt the worker ant, but do no damage.
The worker ant bites you.
You are poisoned.
The worker ant poisons you!
You barely miss the worker ant. Your headbutt misses the worker ant.
You feel sick. You block the worker ant's attack. The worker ant bites you.
You barely miss the worker ant. The worker ant bites you.
You hit the worker ant but do no damage.
You feel sick. You block the worker ant's attack.
You hit the worker ant but do no damage.
You feel sick. The worker ant barely misses you. You furiously retaliate!
You headbutt the worker ant!
You kill the worker ant!
Your Axes skill increases to level 7!
You feel sick.
You start resting.
You feel sick. x7
You are no longer poisoned.
You start resting.
Eating one of 5 chunks of flesh.
You start eating one of the 5 chunks of flesh.
You are feeling hungry.
This raw flesh tastes terrible.
You start resting.
Some of the chunks of flesh in your inventory have rotted away.
There is a stone staircase leading up here.
Found a stone staircase leading down.
g - 2 scrolls labeled OJUKYL TEKKORY (gained 1)
You now have 73 gold pieces (gained 4).
B - a scroll labeled NENARCHONOA
z - 2 viscous cyan potions (gained 1)
You see here a hunting sling.
You see here a leather armour.
An ogre comes into view. It is wielding a giant club.
The ogre shouts!
You see here 3 gold pieces.
An ogre is nearby!
You closely miss the ogre. The ogre hits you with a giant club!
You hit the ogre. You headbutt the ogre. The ogre hits you with a giant club!!
You are too injured to fight recklessly!
You are too injured to fight recklessly!
You see here 3 gold pieces.
You feel very mighty all of a sudden. The ogre hits you with a giant club!
* * * LOW HITPOINT WARNING * * *
Your scale mail prevents you from hitting the ogre.
The ogre closely misses you.
You completely miss the ogre. Your headbutt misses the ogre.
The ogre hits you but does no damage.
You slash the ogre! You block the ogre's attack.
Okay, then.
It was a potion of flight.
You feel very buoyant.
You fly up into the air.
You hit the ogre. The ogre hits you with a giant club!
You die...

##...#
##..###
##...####
#......####
#####.....##
###....#
###..# #..#
#.@# #.O##
##..# #..##
#...# ##..##
#...##
##...## ##
#....#..#


You could see an ogre.

Vanquished Creatures
  A worker ant (D:4)
  5 adders
  5 gnolls
  2 oozes
  A worm (D:3)
  5 dart slugs
  3 ball pythons
  A giant cockroach (D:2)
  7 goblins
  7 hobgoblins
  12 jackals
  3 quokkas
  8 bats
  5 frilled lizards
  6 kobolds
  11 rats
82 creatures vanquished.

Notes
Turn   | Place    | Note
-------+----------+-------------------------------------------
     0 | D:1      | RKaid the Minotaur Fighter began the quest for the Orb.
     0 | D:1      | Reached XP level 1. HP: 19/19 MP: 0/0
   141 | D:1      | Reached skill level 3 in Axes
   154 | D:1      | Reached XP level 2. HP: 11/26 MP: 1/1
   491 | D:1      | Reached skill level 4 in Axes
   491 | D:1      | Reached XP level 3. HP: 27/31 MP: 2/2
  1000 | D:2      | Reached skill level 5 in Axes
  1015 | D:2      | Reached XP level 4. HP: 39/39 MP: 3/3
  1371 | D:2      | Reached skill level 6 in Axes
  1670 | D:3      | Reached XP level 5. HP: 43/45 MP: 4/4
  2473 | D:4      | Reached skill level 7 in Axes
  2642 | D:4      | Noticed an ogre
  2657 | D:4      | HP: 4/45 [ogre/giant club (12)]
  2662 | D:4      | Mangled by an ogre

Skill      XL: |  1  2  3  4  5 |
---------------+----------------+-----
Axes           | 3 4 5 6 7 |  7.2
Fighting       | |  3.6
Armour         | |  3.6
Shields        | |  3.6

Action                   |  1- 3 |  4- 6 || total
-------------------------+-------+-------++-------
Melee: War axe           |    59 |   142 ||   201
       Headbutt          |    11 |     9 ||    20
  Use: Potion            |       |     2 ||     2
  Eat: Chunk             |       |     6 ||     6
Armor: Scale mail        |    38 |    44 ||    82
Dodge: Dodged            |    30 |    36 ||    66
Block: Shield            |    35 |    77 ||   112

Vault maps used:
D:1:      minmay_arrival_cross, minmay_split_cup_large
D:2:      kennysheep_nub
D:4:      marbit_many_paths

Table legend:
 A = Turns spent in this place as a percentage of turns spent in the entire game.
 B = Non-inter-level travel turns spent in this place as a percentage of non-inter-level travel turns spent in the entire game.
 C = Inter-level travel turns spent in this place as a percentage of turns spent in this place.
 D = Turns resting spent in this place as a percentage of non-inter-level travel turns spent in this place.
 E = Turns spent auto-exploring this place as a percentage of non-inter-level travel turns spent in this place.
 F = Non-inter-level travel turns spent in this place divided by the number of levels of this place that you've seen.
                   A       B       C       D       E      F
               +-------+-------+-------+-------+-------+----------------------
         Total | 100.0 | 100.0 |   0.5 |   1.6 |  14.6 | 183.2
       Dungeon | 100.0 | 100.0 |   0.5 |   1.6 |  14.6 | 183.2
               +-------+-------+-------+-------+-------+----------------------

Table legend:
 A = Kills in this place as a percentage of kills in entire the game.
 B = Kills by you in this place as a percentage of kills by you in the entire game.
 C = Kills by friends in this place as a percentage of kills by friends in the entire game.
 D = Other kills in this place as a percentage of other kills in the entire game.
 E = Experience gained in this place as a percentage of experience gained in the entire game.
 F = Experience gained in this place divided by the number of levels of this place that you have seen.
                   A       B       C       D       E      F
               +-------+-------+-------+-------+-------+----------------------
         Total | 100.0 | 100.0 |  -nan |  -nan | 100.0 |  77.0
       Dungeon | 100.0 | 100.0 |  -nan |  -nan | 100.0 |  77.0
               +-------+-------+-------+-------+-------+----------------------
